 Dungeon Crawl Stone Soup version 0.18-a0-1070-gd466a24 (webtiles) character file.

1815 Mysteryquy the Cleaver (level 8, -10/68 HPs)
             Began as a Deep Dwarf Fighter on Jan 13, 2016.
             Was an Initiate of Pakellas.
             Mangled by Prince Ribbit (12 damage)
             ... on level 7 of the Dungeon.
             The game lasted 00:14:32 (5691 turns).

Mysteryquy the Cleaver (Deep Dwarf Fighter)         Turns: 5691, Time: 00:14:33

Health: -10/68     AC: 10    Str: 22    XL:     8   Next: 85%
Magic:  6/6        EV:  7    Int:  9    God:    Pakellas [......]
Gold:   402        SH:  9    Dex: 14    Spells: 0 memorised, 7 levels left

rFire  . . .     SeeInvis .     a - +0 war axe
rCold  . . .     Gourm    .     b - +0 scale mail
rNeg   . . .     Faith    .     c - +0 shield
rPois  .         Spirit   .     (no helmet)
rElec  .         Dismiss  .     D - +2 cloak of Depression {Dex+2}
rCorr  .         Reflect  .     (no gloves)
SustAt .         Harm     .     (no boots)
MR     +....                    (no amulet)
Stlth  ..........               (no ring)
                                (no ring)

@: non-regenerating, somewhat resistant to hostile enchantments, extremely
unstealthy
A: damage resistance, recharge devices, sense surroundings 1, slow regeneration
3
a: Device Recharging, Renounce Religion


You were on level 7 of the Dungeon.
You worshipped Pakellas.
Pakellas was noncommittal.
You were not hungry.

You visited 1 branch of the dungeon, and saw 7 of its levels.

You collected 402 gold pieces.

Inventory:

Hand Weapons
 a - a +0 war axe (weapon)
Armour
 b - a +0 scale mail (worn)
 c - a +0 shield (worn)
 y - a +2 cloak
 D - the +2 cloak of Depression (worn) {Dex+2}
   (You found it on level 5 of the Dungeon)

   It affects your dexterity (+2).
Jewellery
 m - an uncursed ring of positive energy {unknown}
 s - an uncursed amulet of the gourmand {unknown}
 z - an uncursed ring of protection from cold {unknown}
 C - an uncursed amulet of guardian spirit {unknown}
 I - an uncursed ring of poison resistance {unknown}
Wands
 e - a wand of heal wounds (0/9)
Scrolls
 d - 3 scrolls of magic mapping {unknown}
 g - 12 scrolls of identify {unknown}
 i - 5 scrolls of noise {unknown}
 j - 4 scrolls of remove curse {unknown}
 k - 3 scrolls of immolation {unknown}
 n - 6 scrolls of teleportation {unknown}
 p - 5 scrolls of recharging {unknown}
 r - a scroll of fear {unknown}
 x - 2 scrolls of enchant armour {unknown}
 E - a scroll of amnesia {unknown}
 G - a scroll of fog {unknown}
Potions
 h - a potion of lignification {unknown}
 l - a potion of flight {unknown}
 o - a potion of invisibility {unknown}
 q - a potion of beneficial mutation {unknown}
 t - 3 potions of curing {unknown}
 w - a potion of resistance {unknown}
 B - a potion of heal wounds {unknown}
 H - 3 potions of cancellation {unknown}
 J - a potion of brilliance {unknown}
Books
 u - a book of Burglary

   Spells                             Type                      Level
   a - Swiftness                      Charms/Air                   2
   b - Passwall                       Transmutation/Earth          3
   c - Passage of Golubria            Translocation                4
   d - Lee's Rapid Deconstruction     Earth                        5
   e - Darkness                       Hexes                        6
   f - Invisibility                   Hexes                        6
Comestibles
 f - 10 bread rations
 v - 5 meat rations
 A - a beef jerky
 F - 6 fruits


   Skills:
 - Level 2.6 Fighting
 - Level 12.3 Axes
 - Level 3.2 Armour
 - Level 3.2 Shields
 + Level 0.3 Evocations


You had 7 spell levels left.
You didn't know any spells.

Dungeon Overview and Level Annotations

Branches:
Dungeon (7/15)             Temple (0/1) D:7

Altars:
Elyvilon
Gozag
Nemelex Xobeh
Pakellas
Qazlal

Annotations:
D:7 Prince Ribbit


Innate Abilities, Weirdness & Mutations

You are resistant to damage.
You can recharge devices by infusing magical energy.
You passively map a small area around you.
You do not regenerate naturally.


Message History

You see here a giant newt corpse.
You butcher the giant newt corpse.
K - a chunk of flesh Eat a chunk of flesh? (ye/n/q/i?) This raw flesh tastes terrible.
You continue eating. x2
Prince Ribbit is nearby!
You are too injured to fight recklessly!
You block Prince Ribbit's attack.
You hit Prince Ribbit.
Prince Ribbit is almost dead.
Prince Ribbit hits you!
* * * LOW HITPOINT WARNING * * *
You miss Prince Ribbit.
Prince Ribbit is almost dead.
Prince Ribbit mumbles some strange words.
Prince Ribbit looks slightly unstable.
Prince Ribbit catches a mosquito with his tongue.
Prince Ribbit hits you!
You die...

, , , #.......# ,
######.#### ,
..........# , ,
..#.###.#.####### *
#######.#..............
#......<........###....
#.#...#.#..#....###....
#.....F................
#.....@.#.......###....
#.......#####....[.....
#.#...#.# * #.######...
#.......# ... #.##
####.#### #... #.# #.#
#... #.# ##.# #. #.#
#..# , #.## #.## * *
#...


You could see Prince Ribbit.

Vanquished Creatures
  Duvessa (D:7)
  An ice beast (D:5)
  2 centaurs (D:6)
  2 ogres (D:4)
  2 giant frogs (D:6)
  The ghost of Reinor the Sneak, an amateur FeTm (D:4)
  Dowan (D:7)
  6 killer bees (D:5)
  3 crimson imps
  2 jellies
  2 orc wizards
  A centaur skeleton (D:4)
  3 iguanas
  Ijyb (D:2)
  6 worker ants
  A worker ant zombie (D:5)
  7 gnolls
  7 adders
  3 shadow imps
  An adder skeleton (D:6)
  3 worms
  5 giant geckos
  19 orcs
  7 bats
  5 giant cockroaches
  9 goblins
  9 hobgoblins
  8 jackals
  9 kobolds
  5 quokkas
  A ball python (D:3)
  5 giant newts
  A quokka skeleton (D:4)
  A quokka zombie (D:5)
  3 rats
143 creatures vanquished.

Notes
Turn   | Place    | Note
--------------------------------------------------------------
     0 | D:1      | Mysteryquy the Deep Dwarf Fighter began the quest for the Orb.
     0 | D:1      | Reached XP level 1. HP: 20/20 MP: 1/1
   117 | D:1      | Reached XP level 2. HP: 25/27 MP: 2/2
  1029 | D:2      | Reached skill level 4 in Axes
  1029 | D:2      | Reached XP level 3. HP: 25/33 MP: 3/3
  1213 | D:2      | Noticed Ijyb
  1215 | D:2      | Found a stormy altar of Qazlal.
  1224 | D:2      | Reached XP level 4. HP: 24/40 MP: 4/4
  1230 | D:2      | Killed Ijyb
  1230 | D:2      | Reached skill level 5 in Axes
  1965 | D:3      | Found a faded altar to an unknown god.
  2169 | D:3      | Reached XP level 5. HP: 39/46 MP: 5/5
  2252 | D:3      | Found a white marble altar of Elyvilon.
  2640 | D:4      | Reached skill level 6 in Axes
  2734 | D:4      | Noticed Reinor's ghost (amateur FeTm)
  2751 | D:4      | Killed Reinor's ghost
  2782 | D:4      | Reached skill level 7 in Axes
  2782 | D:4      | Reached XP level 6. HP: 19/55 MP: 6/6
  3093 | D:4      | Found an opulent altar of Gozag.
  3148 | D:4      | HP: 2/55 [ogre/giant club (15)]
  3342 | D:4      | Reached skill level 8 in Axes
  3349 | D:4      | Reached XP level 7. HP: 36/61 MP: 7/7
  3637 | D:5      | Entered Level 5 of the Dungeon
  3921 | D:5      | Reached skill level 9 in Axes
  4041 | D:5      | Reached skill level 10 in Axes
  4081 | D:5      | Reached XP level 8. HP: 27/68 MP: 7/7
  4208 | D:5      | Got a steaming cloak
  4219 | D:5      | Identified the +2 cloak of Depression {Dex+2} (You found it on level 5 of the Dungeon)
  4635 | D:6      | Reached skill level 11 in Axes
  5379 | D:7      | Found a sparkling altar of Nemelex Xobeh.
  5420 | D:7      | Found an oddly glowing altar of Pakellas.
  5430 | D:7      | Reached skill level 12 in Axes
  5477 | D:7      | Became a worshipper of Pakellas the Inventive
  5521 | D:7      | Noticed Duvessa
  5521 | D:7      | Noticed Dowan
  5543 | D:7      | Killed Duvessa
  5546 | D:7      | Killed Dowan
  5567 | D:7      | Found a staircase to the Ecumenical Temple.
  5665 | D:7      | Noticed Prince Ribbit
  5690 | D:7      | HP: 2/68 [Prince Ribbit (9)]
  5691 | D:7      | Mangled by Prince Ribbit

Vault maps used:
D:1:      denvon_arrival_planthouse, serial_forest, infiniplex_forest_zigzag_2,
          infiniplex_forest_clump_tiny, infiniplex_forest_lined_room_3,
          infiniplex_forest_straight_4, infiniplex_forest_fountain,
          infiniplex_forest_straight_2, infiniplex_forest_clump_long,
          infiniplex_forest_clump_medium
D:2:      overflow_temple_1_default, minmay_goblin_kobold_house, uniq_iyjb
D:3:      nicolae_overflow_crystal_walls, ecumenical_altar_1,
          roderic_roman_lattice
D:4:      kennysheep_mini
D:5:      first_bread
D:6:      grunt_ministairs_10
D:7:      tgw_trog, overflow_temple_1_default, old_standard_altar, temple_hall,
          uniq_prince_ribbit1, uniq_menkaure, uniq_duvessa

Action                   |  1- 3 |  4- 6 |  7- 9 || total
-------------------------+-------+-------+-------++-------
Melee: War axe           |   131 |   186 |   289 ||   606
 Abil: Device Recharging |       |       |     2 ||     2
Evoke: Wand              |       |     4 |     8 ||    12
  Use: Potion            |       |     1 |     1 ||     2
  Eat: Chunk             |     1 |     6 |     9 ||    16
